 Dungeon Crawl Stone Soup version 0.29.1-15-g9cfb28693d (webtiles) character file.

Game seed: 3720483617582383828

327 tkbsonic5 the Shooter (level 6, -1/47 HPs)
             Began as a Human Hunter on July 22, 2023.
             Constricted to death by Natasha (7 damage)
             ... on level 4 of the Dungeon.
             The game lasted 00:17:23 (3967 turns).

tkbsonic5 the Shooter (Human Hunter)                Turns: 3967, Time: 00:17:24

Health: -1/47      AC:  6    Str: 12    XL:     6   Next: 79%
Magic:  6/6        EV:  8    Int:  9    God:
Gold:   204        SH:  0    Dex: 18    Spells: 5/5 levels left

rFire   . . .      SeeInvis .   s - +2 halberd (vorpal)
rCold   . . .      Faith    .   (shield currently unavailable)
rNeg    . . .      Spirit   .   k - +0 ring mail
rPois   .          Reflect  .   (no helmet)
rElec   .          Harm     .   (no cloak)
rCorr   .          Rampage  .   u - +0 pair of gloves
Will    .....                   (no boots)
Stlth   ++........              (no amulet)
HPRegen 0.15/turn               (no ring)
MPRegen 0.10/turn               (no ring)

@: grasped by roots, slowed, constricted, very slow
A: no striking features
a: no special abilities


You were on level 4 of the Dungeon.
You visited 1 branch of the dungeon, and saw 4 of its levels.

You collected 204 gold pieces.

Inventory:

Hand Weapons
 a - a +0 shortbow {balkan rifle}
 s - a +2 vorpal halberd (weapon)
Missiles
 l - 3 poisoned darts (quivered)
Armour
 c - a +0 leather armour
 d - a +0 chain mail
 k - a +0 ring mail (worn)
 o - a +0 scale mail
 u - a +0 pair of gloves (worn)
Scrolls
 m - a scroll of amnesia {unknown}
 n - a scroll of brand weapon {unknown}
 q - a scroll of fog {unknown}
 r - a scroll of enchant weapon {unknown}
 t - 2 scrolls of blinking {unknown}
 v - a scroll of identify
Potions
 b - a potion of mutation {unknown}
 g - a potion of brilliance {unknown}
 i - 2 potions of curing {unknown}


   Skills:
 * Level 3.1 Fighting
 - Level 1.8 Short Blades
 - Level 0.4 Maces & Flails
 * Level 1.0 Polearms
 * Level 4.8 Ranged Weapons
 * Level 2.1 Throwing
 - Level 0.2 Armour
 * Level 3.2 Dodging
 - Level 2.6 Stealth
 - Level 0.1 Unarmed Combat


You had 5 spell levels left.
You didn't know any spells.
Your spell library contained the following spells:

 Spells                   Type           Power      Damage    Failure   Level
 Anguish                  Hex/Necr       0%         N/A       100%        4
 Agony                    Necr           0%         N/A       100%        5


Dungeon Overview and Level Annotations

Branches:
Dungeon (4/15)
 Temple: D:4-7

Altars:

Annotations:
D:4 Natasha


Message History

The white imp hits you but does no damage.
Natasha claws you but does no damage. The grasping roots constrict you.
The crimson imp hits you but does no damage.
The white imp gestures at you. The puff of frost hits you.
The grasping roots release their grip on you.
You feel much better. Natasha claws you. The crimson imp barely misses you.
The white imp hits you. The white imp freezes you.
Natasha claws you but does no damage.
You closely miss Natasha.
Natasha is moderately wounded.
The crimson imp hits you. The white imp gestures at you.
The puff of frost misses you. Natasha claws you but does no damage.
The crimson imp hits you. The white imp gestures at you.
The puff of frost hits you. Natasha claws you.
The crimson imp blinks!
You miss Natasha.
Natasha is moderately wounded.
The white imp closely misses you. Natasha misses you.
The white imp gestures at you. The puff of frost misses you.
Natasha zaps a wand.
The roots erupt in riotous growth!
The grasping roots grab you!
The white imp is unaffected.
Natasha is unaffected.
The grasping roots constrict you. The white imp hits you.
* * * LOW HITPOINT WARNING * * *
The white imp freezes you.
* * * LOW HITPOINT WARNING * * *
You feel much better. Natasha claws you! The grasping roots constrict you.
The white imp hits you but does no damage.
Natasha claws you but does no damage. The grasping roots constrict you.
* * * LOW HITPOINT WARNING * * *
You hit Natasha.
Natasha is heavily wounded.
The white imp gestures at you. The puff of frost hits you.
* * * LOW HITPOINT WARNING * * *
Natasha completely misses you. The grasping roots constrict you!
You die...

.........## .......
..........# .........
..........# #....(.(.
..........# #........
..........### ##........
............###....5....
..(.....................
.................h......
..)†).......###.@5......
.......)..####..........
..........# #..........
..........# #.).........
..........# #.).........
.[........# ............
........................
..............
..............


You could see Natasha, a crimson imp (summoned) and a white imp (summoned).

Vanquished Creatures
  Jessica (D:3)
  Natasha (twice) (D:4)
  11 gnolls
  6 adders
  A worm (D:3)
  10 orcs
  5 ball pythons
  6 endoplasms
  3 giant cockroaches
  9 goblins
  3 hobgoblins
  4 jackals (D:2)
  A quokka (D:4)
  6 bats
  5 frilled lizards
  9 kobolds
  3 rats
85 creatures vanquished.

Vanquished Creatures (others)
  7 plants (D:2)
7 creatures vanquished.

Grand Total: 92 creatures vanquished

Notes
Turn   | Place    | Note
-------+----------+-------------------------------------------
     0 | D:1      | tkbsonic5 the Human Hunter began the quest for the Orb.
     0 | D:1      | Reached XP level 1. HP: 16/16 MP: 1/1
    72 | D:1      | Reached XP level 2. HP: 20/22 MP: 2/2
   150 | D:1      | Reached XP level 3. HP: 23/27 MP: 3/3
   153 | D:1      | Reached skill level 1 in Short Blades
   164 | D:1      | Got the Secrets of Iniquitous Liturgies
   686 | D:1      | Found a faded altar of an unknown god.
   951 | D:2      | Reached XP level 4. HP: 33/33 MP: 4/4
  1519 | D:2      | Reached skill level 1 in Throwing
  1519 | D:2      | Reached XP level 5. HP: 39/39 MP: 5/5
  1766 | D:3      | Noticed Jessica
  1997 | D:3      | Killed Jessica
  2796 | D:3      | Reached XP level 6. HP: 32/46 MP: 6/6
  3626 | D:4      | Noticed Natasha
  3633 | D:4      | Killed Natasha
  3944 | D:4      | Noticed Natasha
  3950 | D:4      | Killed Natasha
  3953 | D:4      | Noticed Natasha
  3955 | D:4      | Reached skill level 1 in Polearms
  3967 | D:4      | Constricted to death by Natasha

Illustrated notes

Levels and vault maps discovered:
D:1:      dpeg_arrival_shrine, layout_rooms, shapermc_ecumenical_altar_pompeii
D:2:      layout_rooms, nicolae_grassy_gnolls
D:3:      layout_loops_ring, chequers_serial_rivers_micro_c, uniq_jessica
D:4:      layout_layer_cave, grunt_temple_overflow_champion_of_chaos,
          temple_hall, minmay_liquid_box, uniq_natasha, uniq_menkaure

Skill      XL: |  1  2  3  4  5  6 |
---------------+-------------------+-----
Short Blades   | 1 |  1.8
Stealth        | 2 |  2.6
Throwing       | 1 2 |  2.1
Dodging        | 3 |  3.2
Fighting       | 3 |  3.1
Polearms       | 1 |  1.0
Maces & Flails | |  0.4
Ranged Weapons | |  4.8
Armour         | |  0.2
Unarmed Combat | |  0.1

Action                   |  1- 3 |  4- 6 || total
-------------------------+-------+-------++-------
Melee: Dagger            |    12 |    28 ||    40
       Short sword       |     4 |     7 ||    11
       Morningstar       |       |     3 ||     3
       Halberd           |       |    43 ||    43
 Fire: Shortbow          |    68 |   137 ||   205
Throw: Dart              |       |    16 ||    16
  Use: Potion            |     1 |     3 ||     4
       Scroll            |     2 |     1 ||     3
Armor: Leather armour    |    14 |     8 ||    22
       Ring mail         |       |    47 ||    47
Dodge: Dodged            |    28 |   103 ||   131
